 Dungeon Crawl Stone Soup version 0.23.2-33-g5129a83184 (webtiles) character file.

Game seed: 11100405688482431442

761 Atelerd the Magician (level 7, -4/41 HPs)
             Began as a Tengu Conjurer on July 16, 2019.
             Killed by nerve-wracking pain
             ... invoked by Grinder
              (14 damage)
             ... on level 4 of the Dungeon.
             The game lasted 00:08:18 (4082 turns).

Atelerd the Magician (Tengu Conjurer)               Turns: 4082, Time: 00:08:19

Health: -4/41      AC:  5    Str:  5 (8)  XL:     7   Next: 80%
Magic:  1/18       EV: 12    Int: 16 (18) God:
Gold:   261        SH:  0    Dex: 13 (14) Spells: 11/20 levels left

rFire    . . .     SeeInvis .   w - +4 falchion (freeze)
rCold    . . .     Gourm    .   (no shield)
rNeg     . . .     Faith    .   a - +0 robe
rPois    .         Spirit   .   (helmet restricted)
rElec    .         Reflect  .   (no cloak)
rCorr    +         Harm     .   f - +2 pair of gloves
MR       .....                  (boots unavailable)
Stlth    ++........             (no amulet)
HPRegen  0.13/turn              n - +2 ring of slaying
MPRegen  0.16/turn              y - ring of resist corrosion

@: very slightly contaminated
A: beak, talons 3, able to fly
a: Fly


You were on level 4 of the Dungeon.
You were not hungry.

You visited 1 branch of the dungeon, and saw 4 of its levels.

You collected 261 gold pieces.

Inventory:

Hand Weapons
 d - a +0 short sword
 v - a -2 hand axe
 w - a +4 falchion of freezing (weapon)
 x - a -2 hunting sling
Armour
 a - a +0 robe (worn)
 f - a +2 pair of gloves (worn)
Jewellery
 n - a +2 ring of slaying (left hand)
 t - an uncursed amulet of guardian spirit
 y - a ring of resist corrosion (right hand)
 C - an uncursed amulet of magic regeneration {unknown}
Wands
 z - a wand of scattershot (7)
Scrolls
 b - 2 scrolls of remove curse
 e - a scroll of blinking {unknown}
 g - 3 scrolls of teleportation
 h - 2 scrolls of magic mapping {unknown}
 j - 4 scrolls of identify {unknown}
 k - 2 scrolls of fear {unknown}
 p - a scroll of enchant weapon {unknown}
 q - a scroll of enchant armour {unknown}
 u - a scroll of immolation {unknown}
 B - a scroll of fog {unknown}
Potions
 i - a potion of might {unknown}
 l - a potion of flight {unknown}
 m - a potion of berserk rage {unknown}
 o - a potion of heal wounds {unknown}
 r - a potion of agility {unknown}
 s - a potion of haste {unknown}
 A - a potion of degeneration
Comestibles
 c - 3 rations


   Skills:
 + Level 3.5 Fighting
 - Level 2.1 Dodging
 - Level 2.0 Stealth
 * Level 7.0 Spellcasting
 - Level 5.6 Conjurations


You had 11 spell levels left.
You knew the following spells:

 Your Spells              Type           Power        Failure   Level  Hunger
a - Magic Dart            Conj           ###.         1%          1    None
b - Iskenderun's Mystic   Conj           ###.....     12%         4    ####...
c - Force Lance           Conj/Tloc      ##......     36%         4    ####...

Your spell library contained the following spells:

 Spells                   Type           Power        Failure   Level  Hunger
 Searing Ray              Conj           ###...       1%          2    None
 Dazzling Spray           Conj/Hex       ##....       12%         3    ##.....
 Fulminant Prism          Conj/Hex       ##........   36%         4    ####...


Dungeon Overview and Level Annotations

Branches:
Dungeon (4/15)
 Temple: D:4-7

Altars:
Xom

Annotations:
D:3 exclusion: downstairs
D:4 Grinder


Innate Abilities, Weirdness & Mutations

You have a beak for a mouth.
You have claws for feet.
You can fly continuously.


Message History

You barely miss Grinder.
Grinder is severely wounded.
Grinder hits you but does no damage.
You hit Grinder but do no damage.
Grinder is severely wounded.
Grinder hits you.
You writhe in agony.
Unknown command.
You hit Grinder. You claw Grinder! You peck Grinder.
Grinder is almost dead.
Grinder hits you.
* * * LOW HITPOINT WARNING * * *
You writhe in agony.
* * * LOW HITPOINT WARNING * * *
Unknown command.
It was a potion of degeneration.
There was something very wrong with that liquid.
You feel weakened.
You feel dopey.
You feel clumsy. Grinder gestures at you. Pain shoots through your body!
You die...

..# #.# #....<...........#
#### #.+ #................#
...# #.# #................#
...# #.#####...............##
...####.............#.....##
...#...)......#.###########
.....#....#####.#
.......#....###.###
..##...#....##..@.##
..###..........#5..##
.............###.#..#
[...#.......####.##.####
........#.[...##.##....#######
...............#.#####.......#
.................######.....%#
....................# #.[....#
#...............#.#..........#


You could see Grinder.

Vanquished Creatures
  Sigmund (D:4)
  Purgy (D:3)
  Blork the orc (D:4)
  2 scorpions (D:4)
  A crimson imp (D:3)
  An orc priest (D:3)
  Ijyb (D:4)
  2 orc wizards (D:4)
  Terence (D:3)
  2 worker ants (D:4)
  A hound skeleton (D:4)
  4 adders
  An ooze (D:2)
  2 dart slugs
  2 leopard geckos
  9 orcs
  2 giant cockroaches (D:1)
  6 goblins
  11 hobgoblins
  2 jackals (D:3)
  2 ball pythons (D:3)
  3 bats
  3 frilled lizards
  7 kobolds
  6 rats
74 creatures vanquished.

Notes
Turn   | Place    | Note
-------+----------+-------------------------------------------
     0 | D:1      | Atelerd the Tengu Conjurer began the quest for the Orb.
     0 | D:1      | Reached XP level 1. HP: 10/10 MP: 4/4
   237 | D:1      | Found a shimmering altar of Xom.
   325 | D:1      | Reached XP level 2. HP: 10/15 MP: 3/6
   639 | D:1      | Reached XP level 3. HP: 19/19 MP: 8/8
   671 | D:1      | Reached skill level 3 in Spellcasting
  1735 | D:3      | Reached XP level 4. HP: 18/24 MP: 0/10
  1831 | D:2      | Learned a level 4 spell: Iskenderun's Mystic Blast
  1836 | D:2      | Learned a level 4 spell: Force Lance
  1900 | D:3      | Reached skill level 4 in Spellcasting
  1983 | D:3      | Noticed Purgy
  2255 | D:3      | HP: 1/24 [orc priest/divine providence (9)]
  2256 | D:3      | Gained mutation: You can fly continuously. [Tengu growth]
  2256 | D:3      | Reached XP level 5. HP: 2/28 MP: 1/12
  2296 | D:3      | Noticed Terence
  2825 | D:3      | Killed Purgy
  2825 | D:3      | Reached skill level 1 in Fighting
  2825 | D:3      | Reached skill level 5 in Spellcasting
  2825 | D:3      | Reached XP level 6. HP: 28/34 MP: 1/15
  2953 | D:3      | Killed Terence
  3123 | D:4      | Noticed Sigmund
  3361 | D:4      | Killed Sigmund
  3361 | D:4      | Reached skill level 6 in Spellcasting
  3361 | D:4      | Reached XP level 7. HP: 35/40 MP: 2/17
  3578 | D:4      | Noticed Ijyb
  3657 | D:4      | Killed Ijyb
  3694 | D:4      | Noticed Grinder
  3725 | D:4      | Paralysed by Grinder for 3 turns
  3917 | D:4      | Noticed Blork the orc
  3923 | D:4      | Killed Blork the orc
  3923 | D:4      | Reached skill level 7 in Spellcasting
  4073 | D:4      | Paralysed by Grinder for 5 turns
  4082 | D:4      | Killed from afar by Grinder

Skill      XL: |  1  2  3  4  5  6  7 |
---------------+----------------------+-----
Spellcasting   | 3 4 5 6 7 |  7.0
Fighting       | 1 2 3 |  3.5
Dodging        | |  2.1
Stealth        | |  2.0
Conjurations   | |  5.6

Action                   |  1- 3 |  4- 6 |  7- 9 || total
-------------------------+-------+-------+-------++-------
Melee: Short sword       |    66 |    19 |       ||    85
       Unarmed           |     3 |       |       ||     3
       Kick              |    11 |     7 |     6 ||    24
       Peck              |     7 |     8 |     4 ||    19
       Falchion          |       |    20 |    23 ||    43
 Cast: Magic Dart        |    37 |    31 |       ||    68
       Iskenderun's Myst |       |    17 |    17 ||    34
  Use: Scroll            |     3 |       |       ||     3
       Potion            |       |     3 |     1 ||     4
 Stab: Sleeping          |     2 |       |       ||     2
  Eat: Chunk             |     2 |     5 |     3 ||    10
       Ration            |       |     1 |     1 ||     2
Armor: Robe              |    33 |    16 |     6 ||    55
Dodge: Dodged            |    41 |    47 |    21 ||   109
       Rpst.: Falchion   |       |     5 |     4 ||     9
